Cogmind - Beta 16.1 @@@ ROGUE MODE // 2026.02.26 @ 19:33:38 Player: beans Result: Destroyed by G-50 Soldier with Heavy Laser Performance ------------- Evolutions (2) 1000 Regions Visited (5) 1000 Robots Destroyed (74) 370 Value Destroyed (2217) 2217 Prototype IDs (1) 20 Alien Tech Used (0) 0 Bonus (485) 485 TOTAL SCORE: 5092 Bonus ------- Pacifist 200 High Alert Combat Kills 85 Entered Garrisons 200 Cogmind --------- Core Integrity 0/550 Matter 300/300 Energy 95/100 System Corruption 0% Temperature Cool (9) Movement Core (50) Location -8/Materials Parts ------- > --- POWER (1) -------- (None) > --- PROPULSION (2) --- (None) > --- UTILITY (5) ------ System Shield System Shield > --- WEAPON (3) ------- Katana > --- INVENTORY (5) ---- Carbon-fiber Leg Launcher Guidance Computer Particle Charger Hardened Medium Armor Plating Mini Grenade Launcher Peak State ------------ > --- POWER ------------ Improved Deuterium Engine > --- PROPULSION ------- Light Treads Light Treads > --- UTILITY ---------- Improved Heat Sink High-capacity Storage Unit Compact Matter Pod Hardened Medium Armor Plating System Shield > --- WEAPON ----------- Spread Laser Assault Cannon Mini Grenade Launcher > --- INVENTORY -------- Carbon-fiber Leg Carbon-fiber Leg Improved Heat Sink Structural Scanner Machine Analyzer Advanced Visual Processing Unit Sensor Array Improved Targeting Computer Launcher Guidance Computer Armor Integrity Analyzer Particle Charger Hardened Light Armor Plating Shock Absorption System System Shield System Shield System Shield Mini Grenade Launcher Katana [Rating: 31] Favorites ----------- Power Cooled Ion Engine Engine Cooled Ion Engine Power Core Light Nuclear Core Propulsion Light Treads Treads Light Treads Utility High-capacity Storage Unit Device Improved Heat Sink Storage High-capacity Storage Unit Hackware System Shield Protection Weapon Shielding Weapon Spread Laser Energy Gun Spread Laser Ballistic Gun Heavy Assault Rifle Ballistic Cannon Assault Cannon Launcher Mini Grenade Launcher Slashing Weapon Katana Build | -11 -10 -9 -8 -8 -8 ------- Run | Yrd Mat Mat Mat Gar Mat Slots Evolved 4 | . . 2 2 . . Power . | . . . . . . Propulsion . | . . . . . . Utility 3 | . . 1 2 . . Weapon 1 | . . 1 . . . Parts Attached 34 | 5 . 7 7 8 7 Power 5 | 1 . 1 . 3 . Engine 4 | 1 . 1 . 2 . Core 1 | . . . . 1 . Reactor . | . . . . . . Propulsion 6 | 2 . . 2 . 2 Treads 6 | 2 . . 2 . 2 Leg . | . . . . . . Wheel . | . . . . . . Hover . | . . . . . . Flight . | . . . . . . Utility 13 | 1 . 3 2 4 3 Device 4 | . . 1 . 3 . Storage 3 | 1 . 1 1 . . Processor . | . . . . . . Hackware 2 | . . . . . 2 Protection 4 | . . 1 1 1 1 Artifact . | . . . . . . Weapon 10 | 1 . 3 3 1 2 Energy Gun 2 | . . 2 . . . Energy Cannon . | . . . . . . Ballistic Gun 4 | 1 . . 3 . . Ballistic Cannon 1 | . . . . . 1 Launcher 2 | . . 1 . 1 . Special Weapon . | . . . . . . Impact Weapon . | . . . . . . Slashing Weapon 1 | . . . . . 1 Piercing Weapon . | . . . . . . Special Melee Weapon . | . . . . . . Unidentified Prototypes 1 | . . 1 . . . Parts Lost 20 | . . . 3 7 10 Power 2 | . . . 1 . 1 Propulsion 5 | . . . 2 . 3 Utility 7 | . . . . 4 3 Weapon 6 | . . . . 3 3 Highest Loss Streak 3 | . . . 3 3 3 To Critical Strikes 1 | . . . . 1 . Average Backups 15 | . . 11 19 18 19 Power . | . . . 1 . . Propulsion 1 | . . 1 1 . 2 Utility 10 | . . 7 12 13 14 Weapon 3 | . . 2 4 3 2 Tool/Special . | . . . . . . Unused Backups 16 | . . . . . 16 Power . | . . . . . . Propulsion 3 | . . . . . 3 Utility 13 | . . . . . 13 Weapon . | . . . . . . Tool/Special . | . . . . . . Average Slot Usage (%) 85 | . 71 82 96 92 75 Engine 7 | . 14 11 8 6 4 Treads 19 | . 28 22 17 18 17 Device 7 | . . 3 9 12 5 Storage 15 | . 14 11 17 18 17 Hackware 2 | . . . . . 10 Protection 7 | . . 2 16 11 2 Energy Gun 11 | . . 21 7 8 8 Ballistic Gun 11 | . 14 11 19 15 1 Launcher 1 | . . . . 2 2 Peak Build Rating 31 | 5 5 19 26 29 31 Average Rating 20 | 3 5 14 24 25 24 On Entrance 12 | . 5 5 19 22 26 Avg Prop Armor Cover (%) . | . . . . . . Naked Turns . | . . . . . . Heaviest Build 68 | 12 12 58 68 67 63 Greatest Support 40 | 40 40 40 40 40 40 Greatest Overweight (x) 13 | . . 1 1 1 13 Average Overweight (x) . | . . . 1 1 1 Largest Inventory Capacity 20 | 8 8 20 20 20 20 Average Capacity 18 | 7 8 17 20 20 19 Most Carried 20 | 3 1 20 20 20 20 Average Carried 15 | . . 11 19 18 19 Final Capacity 20 | 8 8 20 20 20 5 Final Carried 20 | . 1 20 17 19 5 Class Distribution -------------------- 43% | Tank 24% | Gunner 19% | Mutant 9% | Hacker-Mutant Dominant Class ---------------- Mutant | -10/Materials Gunner | -9/Materials Tank | -8/Materials Tank | -8/Garrison Hacker-Mutant | -8/Materials Resources | -11 -10 -9 -8 -8 -8 ----------- Run | Yrd Mat Mat Mat Gar Mat Matter Collected 1422 | 250 . 151 405 427 189 Remotely . | . . . . . . Salvage Created 2397 | . . 657 444 821 475 Parts 129 | . . 48 15 37 29 Haulers Intercepted 3 | . . 3 . . . Recyclers Shooed 2 | . . 2 . . . Parts Field Recycled . | . . . . . . Retrieved Matter . | . . . . . . Parts Self-Destructed . | . . . . . . Prevented . | . . . . . . Parts Restored . | . . . . . . Kills | -11 -10 -9 -8 -8 -8 ------- Run | Yrd Mat Mat Mat Gar Mat Combat Hostiles Destroyed 54 | . . 11 9 23 11 Melee 4 | . . . . . 4 Guns 25 | . . 7 4 10 4 Cannons 1 | . . . . . 1 AOE 24 | . . 4 5 13 2 Classes Destroyed 11 | . . 9 . 2 . Worker 2 | . . 1 1 . . Builder 3 | . . 3 . . . Tunneler 1 | . . 1 . . . Hauler 3 | . . 3 . . . Recycler 6 | . . 3 2 . 1 Watcher 5 | . . 3 . . 2 Swarmer 13 | . . 3 3 3 4 Grunt 25 | . . 4 4 14 3 Sentry 12 | . . 4 2 2 4 Specialist 1 | . . . . 1 . Hunter 3 | . . . . 3 . Best Kill Streak 9 | . . 9 4 8 5 Combat Bots Only 8 | . . 5 4 8 4 Max Kills in Single Turn 5 | . . 2 3 5 1 Gunslinging . | . . . . . . Exploded 5 | . . 2 3 5 1 Melee 1 | . . . . . 1 Uniques/NPCs Destroyed . | . . . . . . Combat | -11 -10 -9 -8 -8 -8 -------- Run | Yrd Mat Mat Mat Gar Mat Hostile Shots Fired 337 | . . 60 49 84 144 Missed 92 | . . 12 15 22 43 Hits 245 | . . 48 34 62 101 Projectile 245 | . . 48 34 62 101 Critical Strikes 8 | . . 1 2 1 4 Damage Taken 3633 | . . 561 507 1078 1487 Core 672 | . . 107 61 118 386 Absorbed by Shields . | . . . . . . Redirected to Shielding 50 | . . . 28 22 . Core Remaining (%) 91 | 100 100 73 . . . Volleys Fired 145 | 2 . 40 24 52 27 Largest 3 | 1 . 2 3 3 2 Hottest 153 | 20 . 130 130 153 102 Shots Fired 309 | 2 . 80 60 119 48 Gun 258 | 2 . 75 55 99 27 Cannon 18 | . . . . . 18 Launcher 33 | . . 5 5 20 3 Special . | . . . . . . Kinetic 137 | 2 . 5 51 59 20 Thermal 139 | . . 70 4 40 25 Explosive 33 | . . 5 5 20 3 Electromagnetic . | . . . . . . Robot Hit Streak 15 | 1 . 12 10 15 11 Robot Miss Streak 11 | . . 11 3 4 11 Penetration Max . | . . . . . . Secondary Targets 5 | . . 1 2 2 . Max Gunslinging Chain 1 | . . 1 1 1 . Shots Hit Robots 225 | 1 . 53 42 86 43 Core Hits 248 | . . 81 26 107 34 Critical Kills . | . . . . . . Critical Parts Destroyed . | . . . . . . Critical Strikes . | . . . . . . Melee Attacks 9 | . . . . . 9 Impact . | . . . . . . Slashing 9 | . . . . . 9 Piercing . | . . . . . . Sneak Attacks 2 | . . . . . 2 Combat Hostiles . | . . . . . . Follow-up Attacks . | . . . . . . Damage Inflicted 6145 | 10 . 1223 1097 2867 948 Guns 2934 | 10 . 732 681 1220 291 Cannons 219 | . . . . . 219 Explosions 2707 | . . 491 416 1647 153 Melee 285 | . . . . . 285 Ramming . | . . . . . . Kinetic 1514 | 10 . 21 609 630 244 Thermal 1639 | . . 711 72 590 266 Explosive 2707 | . . 491 416 1647 153 Electromagnetic . | . . . . . . Impact . | . . . . . . Slashing 285 | . . . . . 285 Piercing . | . . . . . . Highest Corruption . | . . . . . . Average Corruption . | . . . . . . Corruption Purged . | . . . . . . Corruption Blocked . | . . . . . . Overload Shots . | . . . . . . Overflow Damage 72 | . . 9 . 4 59 Projectiles . | . . . . . . Explosions 50 | . . 9 . 4 37 Melee 22 | . . . . . 22 Knockbacks 1 | . . . . . 1 Impact . | . . . . . . Kinetic 1 | . . . . . 1 Secondary . | . . . . . . Self-Inflicted Damage 292 | . . . 40 229 23 Shots 10 | . . . 2 7 1 Rammed . | . . . . . . Targets Rammed . | . . . . . . Kicked . | . . . . . . Crushed . | . . . . . . Highest Temperature 263 | . . 263 19 84 36 Average Temperature 52 | . . 78 6 22 11 Received Heat Transfer 1335 | . . 210 198 261 666 Effects 2 | . . 2 . . . Interference 2 | . . 2 . . . Siege Activations . | . . . . . . Martial Activations . | . . . . . . Shielding Activations . | . . . . . . Robots Disrupted . | . . . . . . Combat Hostiles . | . . . . . . Robots Corrupted . | . . . . . . Combat Hostiles . | . . . . . . Parts Fried . | . . . . . . Impact Corruptions . | . . . . . . Robots Melted . | . . . . . . Combat Hostiles . | . . . . . . Parts Melted 2 | . . 1 . 1 . Heat Transferred 2040 | . . 885 85 730 340 Parts Sabotaged . | . . . . . . Parts Stolen . | . . . . . . Parts Stripped . | . . . . . . Power Chain Reactions . | . . . . . . Alert | -11 -10 -9 -8 -8 -8 ------- Run | Yrd Mat Mat Mat Gar Mat Maximum Alert Level 3 | . . 1 . 3 1 Low Security (%) 60 | 100 100 94 100 39 1 Level 1 33 | . . 5 . 42 98 Level 2 2 | . . . . 8 . Level 3 3 | . . . . 9 . Level 4 . | . . . . . . Level 5 . | . . . . . . High Security . | . . . . . . Max Security . | . . . . . . Peak Influence 742 | . 2 208 170 742 361 Initial 361 | . . . 48 53 361 Average 168 | . . 66 72 274 276 Influence Increases 1768 | . 2 397 280 759 330 Destroy 0b10 Robot/C 1080 | . . 220 180 460 220 Destroy 0b10 Robot/NC 125 | . . 70 15 25 15 Destroy Leader 206 | . . 82 40 20 64 Successful Hack 6 | . 2 . 4 . . Disable Machine 30 | . . . 15 . 15 Anti-Garrison Action 100 | . . . . 100 . Destroy Structure 161 | . . 25 26 94 16 Lose Combat Pursuer 60 | . . . . 60 . Influence Decreases 1539 | . 2 281 313 100 843 Entered New Map 479 | . . . 68 30 381 Time Decay 860 | . 2 281 215 . 362 Lost Part 200 | . . . 30 70 100 Squads Dispatched 10 | . . 2 2 . 6 Investigation . | . . . . . . Extermination . | . . . . . . Reinforcement 3 | . . 2 . . 1 Assault 2 | . . . . . 2 Garrison 5 | . . . 2 . 3 Intercept . | . . . . . . Searches Triggered . | . . . . . . Construction Impeded . | . . . . . . Haulers Reinforced . | . . . . . . Active Scanning Responses . | . . . . . . Cargo Convoy Interrupts . | . . . . . . Stealth | -11 -10 -9 -8 -8 -8 --------- Run | Yrd Mat Mat Mat Gar Mat Distress Signals . | . . . . . . Communications Jammed . | . . . . . . Distress Signals . | . . . . . . Times Spotted 81 | . 1 20 11 24 25 Peak Tracking Total 8 | . 2 4 4 7 8 Tactical Retreats 2 | . . . . 2 . Traps | -11 -10 -9 -8 -8 -8 ------- Run | Yrd Mat Mat Mat Gar Mat Traps Triggered 3 | . . . . 3 . Indirectly . | . . . . . . Trap Hack Attempts . | . . . . . . Triggered . | . . . . . . Disarmed . | . . . . . . Reprogrammed . | . . . . . . Reused . | . . . . . . Traps Extracted . | . . . . . . Installed . | . . . . . . Triggered . | . . . . . . Machines | -11 -10 -9 -8 -8 -8 ---------- Run | Yrd Mat Mat Mat Gar Mat Machines Disabled 2 | . . . 1 . 1 Max in Single Turn 1 | . . . 1 . 1 Garrison Access 1 | . . . . . 1 Machines Repaired . | . . . . . . Machines Dismantled . | . . . . . . Machines Sabotaged . | . . . . . . Overloaded Fab Kills . | . . . . . . Hacking | -11 -10 -9 -8 -8 -8 --------- Run | Yrd Mat Mat Mat Gar Mat Machines Accessed 3 | . 1 . 1 . 1 Terminals 1 | . 1 . . . . Fabricators . | . . . . . . Repair Stations 1 | . . . . . 1 Recycling Units . | . . . . . . Scanalyzers . | . . . . . . Garrison Access 1 | . . . 1 . . Total Hacks 5 | . 1 . 2 . 2 Successful 2 | . 1 . 1 . . Failed 3 | . . . 1 . 2 Catastrophic . | . . . . . . Database Lockouts . | . . . . . . Manual . | . . . . . . Terminals 1 | . 1 . . . . Fabricators . | . . . . . . Repair Stations 2 | . . . . . 2 Recycling Units . | . . . . . . Scanalyzers . | . . . . . . Garrison Access 2 | . . . 2 . . Terminal Hacks 1 | . 1 . . . . Record 1 | . 1 . . . . Fabricator Hacks . | . . . . . . Repair Station Hacks . | . . . . . . Recycling Unit Hacks . | . . . . . . Scanalyzer . | . . . . . . Garrison Access Hacks 1 | . . . 1 . . Unlock Access 1 | . . . 1 . . Unauthorized Hacks . | . . . . . . Terminals . | . . . . . . Fabricators . | . . . . . . Repair Stations . | . . . . . . Recycling Units . | . . . . . . Scanalyzers . | . . . . . . Garrison Access . | . . . . . . Data Cores Recovered . | . . . . . . Used . | . . . . . . Hacking Detections 1 | . . . . . 1 Full Trace Events . | . . . . . . Feedback Events . | . . . . . . Feedback Blocked . | . . . . . . Robot Schematics Acquired . | . . . . . . Robots Built . | . . . . . . Authchips . | . . . . . . Time . | . . . . . . Total Robot Build Rating . | . . . . . . Part Schematics Acquired . | . . . . . . Parts Built . | . . . . . . Authchips . | . . . . . . Time . | . . . . . . Total Part Build Rating . | . . . . . . Part Studies Acquired . | . . . . . . Parts Repaired . | . . . . . . Time . | . . . . . . Parts Recycled . | . . . . . . Recycled Matter . | . . . . . . Retrieved Matter . | . . . . . . Retrieved Components . | . . . . . . Parts Scanalyzed . | . . . . . . Part Schematics Acquired . | . . . . . . Parts Damaged . | . . . . . . Bothacking | -11 -10 -9 -8 -8 -8 ------------ Run | Yrd Mat Mat Mat Gar Mat Used RIF Installer . | . . . . . . Robots Hacked . | . . . . . . Non-combat . | . . . . . . Combat . | . . . . . . Robot Hacks Applied . | . . . . . . Relay Couplers Released 3 | . . . . . 3 Machine Destruction 3 | . . . . . 3 Fabnet Peak Effective % . | . . . . . . Robots Rewired . | . . . . . . Allies Hacked . | . . . . . . Hacks Repelled . | . . . . . . Allies | -11 -10 -9 -8 -8 -8 -------- Run | Yrd Mat Mat Mat Gar Mat Total Allies . | . . . . . . Largest Group . | . . . . . . Highest-Rated Group . | . . . . . . Highest-Rated Ally . | . . . . . . Initial Warlord ECA Mod 2 | . . . . . 2 Total Orders . | . . . . . . Ally Attacks . | . . . . . . Total Damage . | . . . . . . Kills . | . . . . . . Allies Corrupted . | . . . . . . Allies Melted . | . . . . . . Intel | -11 -10 -9 -8 -8 -8 ------- Run | Yrd Mat Mat Mat Gar Mat Active Infowar (turns) . | . . . . . . Robot Analysis Total . | . . . . . . Derelict Logs Recovered . | . . . . . . Drone Launches . | . . . . . . Drone Recoveries . | . . . . . . Exploration | -11 -10 -9 -8 -8 -8 ------------- Run | Yrd Mat Mat Mat Gar Mat Turns Passed 4258 | 115 220 1181 579 1335 828 Spaces Moved 1474 | 70 134 466 138 391 275 Core 13 | 9 . . . . 4 Treads 1461 | 61 134 466 138 391 271 Legs . | . . . . . . Wheels . | . . . . . . Hover . | . . . . . . Flight . | . . . . . . Fastest Speed 50 | 50 160 160 240 240 50 Average Speed 222 | 145 160 217 240 240 246 Slowest Speed 700 | 160 160 240 240 240 700 Overloaded Moves . | . . . . . . Propulsion Burnouts . | . . . . . . Robots Hopped . | . . . . . . Potential Cave-ins . | . . . . . . Cave-ins Triggered . | . . . . . . Exploration Rate (%) 27 | 4 25 45 17 37 38 Regions Visited 5 Branch Regions . Pre-discovered Areas . | . . . . . . Known Exits Taken 1 | . . . 1 . . Unknown Exits Taken 3 | 1 1 1 . . . Scrap Searched . | . . . . . . Spaces Dug 26 | . . . . 24 2 Terrain Destroyed 178 | . . 21 26 118 13 Melee 1 | . . . . . 1 Projectile 4 | . . . . . 4 AOE 173 | . . 21 26 118 8 Terrain Rammed . | . . . . . . Walls Destroyed . | . . . . . . Machines Disabled . | . . . . . . Actions | -11 -10 -9 -8 -8 -8 --------- Run | Yrd Mat Mat Mat Gar Mat Total 2157 | 81 140 554 335 680 367 Wait 421 | . 6 16 162 197 40 Move 1470 | 69 133 465 138 390 275 Hop . | . . . . . . Pick Up 42 | 5 1 24 . 10 2 Fast Attach 5 | . . . 2 1 2 Attach 22 | 5 . 4 2 6 5 Detach 3 | . . . . . 3 Swap 26 | . . 4 6 14 2 Drop 8 | . . 1 1 4 2 Fire 145 | 2 . 40 24 52 27 Melee 9 | . . . . . 9 Ram . | . . . . . . Kick . | . . . . . . Crush . | . . . . . . Escape Stasis 6 | . . . . 6 . Rewire . | . . . . . . Trap . | . . . . . . Miscellaneous . | . . . . . . Route ------- -11/Scrapyard -10/Materials (discovered 2 exits: [*Mat] / [*Min]) -9/Materials -8/Materials -8/Garrison -8/Materials History --------- Turn | Location | Event 23 | -11/Scrapyard | Discovered new exit (range 14) 116 | -11/Scrapyard | Entered Materials 124 | -10/Materials | Discovered new exit (range 16) 283 | -10/Materials | Discovered new exit (range 9) 307 | -10/Materials | Build established: Mutant 336 | -10/Materials | Entered another Materials area 336 | -9/Materials | Evolved 2 slots: Utility x1, Weapon x1 645 | -9/Materials | Build established: Gunner 1444 | -9/Materials | Discovered new exit (range 5) 1517 | -9/Materials | Entered another Materials area 1517 | -8/Materials | Evolved 2 slots: Utility x2 1533 | -8/Materials | Build established: Tank 1708 | -8/Materials | Garrison activated, responded to threat 2044 | -8/Materials | Garrison activated, responded to threat 2092 | -8/Materials | Lost 3 parts (1p2n) 2096 | -8/Materials | Identified exit to Garrison 2096 | -8/Materials | Entered Garrison 2659 | -8/Garrison | Destroyed 8 combat bots 2666 | -8/Garrison | Lost 3 parts (3u) 2852 | -8/Garrison | Triggered checkpoint 3168 | -8/Garrison | Triggered checkpoint 3292 | -8/Garrison | Triggered checkpoint 3400 | -8/Garrison | Discovered new exit (range 14) 3431 | -8/Garrison | Entered Materials 3733 | -8/Materials | Build established: Mutant 3929 | -8/Materials | Lost 3 parts (1p1n1u) 4155 | -8/Materials | Build established: Hacker-Mutant 4218 | -8/Materials | Core integrity fell below 50% 4249 | -8/Materials | Core integrity fell below 20% 4259 | -8/Materials | Destroyed by G-50 Soldier with Heavy Laser Last Messages --------------- Y-45 Defender emerges from the garrison. Critical hit (Burn: +37). Spread Laser destroyed. M-13 Machinist repairs G-47 Trooper. ALERT: Garrison Access compromised, dispatching multiple assault carriers. Garrison Access disabled. Relay Coupler [NC] tumbles out of Garrison Access. Relay Coupler [Specialist] tumbles out of Garrison Access. Relay Coupler [Hunter] tumbles out of Garrison Access. U-05 Engineer builds a Door. K-01 Serf collects debris. Arm. Treads destroyed. Dropped Hcp. Storage Unit. U-05 Engineer builds a Wall. Sneak attack on U-05 Engineer. Destroyed Wheel. Map ----- +----------------------------------------------------+ | ????????????????????????#??######??# # | | ???????????????????????????????????# # | | ???????????????????????????????????# # | | ???????????????????????????????????# # | | ???????????????????????????????????# / + | | ???????????????????????????????????# ## | | ???????????????????????????????????##############+ | | ?????????????????????????????????????????????????? | | ?????????????????????????????????????????????????? | | ##???????????????????????????????????????????????? | | #???????????????????????????????????????????????? | | #?????????######## ????????????????????????????? | | #?????????# # ????????????????????????????? | | #?????????# T # ????????????????????????????? | | #?????????#===! # #????????????????????????????? | | ###########%[*[! # #????????????????????????????? | | / #*[=%=!+ #????????????????????????????? | | # #+###### #????????????????????????????? | | ## #% #### #????????????????????????????? | | ?# /*% #????????????????????????????? | | ## #* #????????????????????????????? | | + # #????????????????????????????? | | ## # #????????????????????????????? | | ## # "!"! #??##????????????????????????? | | ########### "G % !##############???????????????? | | "#?????????# """! =mYg!!@k u t #???????????? | | T#?????????# !!g############???????????????? | | "#?????????# =!#??????????????????????????? | | #?????????######## #??????????????????????????? | | #?????????????????# #??????????????????????????? | | ??????????????????# #??????????????????????????? | | ??????????????????# #??????????????????????????? | | ?????????????????? ??????????????????????????? | | ????????????????? #?????????????????????????? | | ????????????????? = +?????????????????????????? | | ???????????????? #?????????????????????????? | | ????????????????## #?????????????????????????? | | ?????????????????## ##?????????????????????????? | | ??????????????????# #??????????????????????????? | | ??????????????????# #??????????????????????????? | | ??????????????????? +??????????????????????????? | | ??????????????????? ???????????????????????????? | | ?????????????????????????????????????????????????? | | ?????????????????????????????????????????????????? | | ?????????????????????????????????????????????????? | | ?????????????????????????????????????????????????? | | ?????????????????????????????????????????????????? | | ?????????????????????????????????????????????????? | | ?????????????????????????????????????????????????? | | ?????????????????????????????????????????????????? | +----------------------------------------------------+ Best States ------------- Heat Dissipation 59 Energy Generation 16 Energy Capacity 290 Matter Stores 450 Matter Capacity 450 Sight Range 16 Terrain Scan Density 10 Armor Coverage 225 Weapon Shielding 33 Evasion (%) 40 Recoil Reduction 2 Defensive Hacking 20 Item Schematics ----------------- None Robot Schematics ------------------ None Fabricated ------------ Nothing Repaired ---------- Nothing Studied --------- None Alien Tech Used ----------------- None Achievements -------------- None Challenges ------------ None Game ------ Seed MappingTitaniumModule Manual? 0 Play Time 00:16:58 Cumulative 243.0 hours Start 2026.02.23 @ 18:09:46 End 2026.02.26 @ 19:33:38 Sessions 2 Manual Loads 0 Difficulty Rogue Special Mode None Game No. 664 Rogue 662 Adventurer 2 Explorer 0 Win Type - Total 0 Types 0/0/0/0/0/0/0/0/0/0 Lore% 66 Gallery% 62 Achievement% 41 Wizard Run 0 Options --------- Layout 1 ASCII 0 Keyboard 0 Movement Mouse Keybinds 0 Fullscreen 1 Font 24/Smallcaps Map View 50x35 Zoom Use 0% Tactical HUD 0 Map Filters NONE Filters NONE Steam 1 RUN: 0994db7b-2377-4d99-9f53-aed2646fb8be